 Dungeon Crawl Stone Soup version 0.21.1-1-g345015fe64 (webtiles) character file.

196 Knicklaso the Skirmisher (level 5, -3/67 HPs)
             Began as a Demonspawn Hunter on Apr 14, 2018.
             Slain by an iguana (8 damage)
             ... on level 3 of the Dungeon.
             The game lasted 00:07:44 (3525 turns).

Knicklaso the Skirmisher (Demonspawn Hunter)        Turns: 3525, Time: 00:07:44

Health: -3/67      AC: 22    Str: 12    XL:     5   Next: 46%
Magic:  5/5        EV:  2    Int: 14    God:
Gold:   36         SH:  0    Dex: 18    Spells: 4/4 levels left

rFire    . . .     SeeInvis .   b - +0 short sword
rCold    . . .     Gourm    .   (no shield)
rNeg     + + +     Faith    .   (armour currently unavailable)
rPois    +         Spirit   .   (helmet currently unavailable)
rElec    .         Reflect  .   (cloak currently unavailable)
rCorr    .         Harm     .   (gloves currently unavailable)
MR       .....     NoTele   +   (boots currently unavailable)
Stlth    +++.......             (no amulet)
HPRegen  0.21/turn              (no ring)
MPRegen  0.09/turn              (no ring)

@: agile, tree-form
A: rugged brown scales 1
a: no special abilities


You were on level 3 of the Dungeon.
You were not hungry.
You were a tree.
You visited 1 branch of the dungeon, and saw 4 of its levels.

You collected 124 gold pieces.
You spent 88 gold pieces at shops.

Inventory:

Hand Weapons
 a - a +1 hunting sling
 b - a +0 short sword (weapon)
Missiles
 d - 40 sling bullets
 e - 20 stones (quivered)
Armour
 c - a cursed +0 robe
 k - a +0 ring mail (melded)
 p - a cursed +0 ring mail
Scrolls
 g - 4 scrolls of magic mapping {unknown}
 h - a scroll of immolation {unknown}
 i - 2 scrolls of remove curse {unknown}
 m - a scroll of blinking {unknown}
 q - a scroll of amnesia {unknown}
 u - a scroll of identify {unknown}
 v - 2 scrolls of enchant weapon {unknown}
Potions
 n - a potion of brilliance {unknown}
 o - a potion of resistance {unknown}
 r - a potion of cancellation {unknown}
 s - 2 potions of haste {unknown}
 t - a potion of might
 w - a potion of flight
 z - a potion of degeneration
Comestibles
 f - 7 rations
 A - a chunk of flesh


   Skills:
 + Level 5.0 Fighting
 - Level 3.6 Slings
 - Level 1.7 Dodging
 - Level 0.8 Stealth
 * Level 2.3 Unarmed Combat


You had 4 spell levels left.
You didn't know any spells.

Dungeon Overview and Level Annotations

Branches:
Dungeon (4/15)
 Temple: D:4-7

Altars:
Hepliaklqana
Makhleb
Okawaru
Uskayaw

Shops:
D:4 !


Innate Abilities, Weirdness & Mutations

(You are partially covered in rugged brown scales. (AC +1, +3% HP))
((Your flesh is heat resistant. (rF+)))


Message History

The worker ant bites you but does no damage.
The iguana bites you but does no damage.
You barely miss the worker ant.
The worker ant is almost dead.
The worker ant bites you but does no damage.
The iguana bites you but does no damage.
The worker ant bites you but does no damage.
You barely miss the worker ant.
The worker ant is almost dead.
The worker ant bites you but does no damage.
The iguana bites you but does no damage.
You closely miss the worker ant.
The worker ant is almost dead.
The worker ant bites you but does no damage.
The iguana bites you but does no damage.
You closely miss the worker ant.
The worker ant is almost dead.
The worker ant bites you but does no damage.
The iguana bites you!
You die...

.# ##......##.# .#
##'######.# .# #.# #.# ####
g## #.# #.# #... ..#
##########.# #.# #.## #g#
#........#.# #.# #.## #.##
#........#.# #.# #.##
#..####........#a# #.# #.##
......'........'♣######'####
#.##
##.####........#l..........#
#.## #..#
#........#...........###.##
##.#
#........#...........'...##
###.#
#.......†#...........######
.##.# #........#...........#
# .'..#
#.....#..#...........# #
.#..# #.....#..#############
# .#..# #....###.#


You could see an iguana and a worker ant.

Vanquished Creatures
  A howler monkey (D:4)
  A hound skeleton (D:4)
  5 adders
  2 oozes
  2 worms (D:3)
  4 dart slugs
  3 leopard geckos (D:2)
  2 orcs (D:3)
  6 giant cockroaches (D:2)
  4 goblins
  8 hobgoblins
  5 jackals
  4 kobolds
  9 bats
  9 frilled lizards
  A quokka skeleton (D:4)
  7 rats
73 creatures vanquished.

Notes
Turn   | Place    | Note
-------+----------+-------------------------------------------
     0 | D:1      | Knicklaso the Demonspawn Hunter began the quest for the Orb.
     0 | D:1      | Reached XP level 1. HP: 16/16 MP: 1/1
    78 | D:1      | Gained mutation: Your flesh is heat resistant. (rF+) [demonic ancestry]
    78 | D:1      | Reached XP level 2. HP: 21/23 MP: 2/2
   117 | D:1      | Reached skill level 3 in Fighting
   690 | D:2      | Reached XP level 3. HP: 29/29 MP: 3/3
  1008 | D:2      | Reached skill level 4 in Fighting
  1155 | D:2      | Reached XP level 4. HP: 37/37 MP: 4/4
  1513 | D:3      | Found a burning altar of Makhleb.
  1586 | D:3      | Reached skill level 1 in Unarmed Combat
  1633 | D:3      | HP: 2/57 [poisoned by an adder]
  1640 | D:3      | HP: 2/57 [poisoned by an adder]
  1648 | D:3      | HP: 1/57 [poisoned by an adder]
  2524 | D:3      | Found an iron altar of Okawaru.
  2544 | D:3      | Found a hide-covered altar of Uskayaw.
  2555 | D:3      | Found a hazy altar of Hepliaklqana.
  2879 | D:3      | Gained mutation: You are partially covered in rugged brown scales. (AC +1, +3% HP) [demonic ancestry]
  2879 | D:3      | Reached XP level 5. HP: 38/44 MP: 5/5
  3149 | D:4      | Found Faig's Distillery.
  3161 | D:4      | Bought a potion of flight for 33 gold pieces
  3161 | D:4      | Bought a potion of agility for 44 gold pieces
  3161 | D:4      | Bought a potion of degeneration for 11 gold pieces
  3279 | D:4      | Reached skill level 5 in Fighting
  3509 | D:3      | HP: 1/45 [iguana (7)]
  3517 | D:3      | HP: 3/67 [iguana (5)]
  3525 | D:3      | Slain by an iguana

Skill      XL: |  1  2  3  4  5 |
---------------+----------------+-----
Fighting       | 3 4 5 |  5.0
Unarmed Combat | 1 2 |  2.3
Slings         | |  3.6
Dodging        | |  1.7
Stealth        | |  0.8

Action                   |  1- 3 |  4- 6 || total
-------------------------+-------+-------++-------
Melee: Short sword       |       |    18 ||    18
 Fire: Hunting sling     |   142 |   162 ||   304
  Use: Potion            |       |     6 ||     6
  Eat: Chunk             |       |     4 ||     4
       Ration            |       |     1 ||     1
Armor: Leather armour    |     2 |       ||     2
       Ring mail         |    22 |    29 ||    51
       Skin              |       |    31 ||    31
Dodge: Dodged            |    31 |    49 ||    80
